 Dungeon Crawl Stone Soup version 0.31-a0-174-g85c54bcb58 (webtiles) character file.

Game seed: 10632081868808148581

583 qw the Shooter (level 7, 0/64 HPs)
             Began as a Naga Hunter on June 15, 2023.
             Slain by Duvessa
             ... wielding a +0 rapier
              (10 damage)
             ... on level 6 of the Dungeon.
             The game lasted 00:01:11 (4267 turns).

qw the Shooter (Naga Hunter)                        Turns: 4267, Time: 00:01:12

Health: 0/64       AC:  9    Str: 16    XL:     7   Next: 37%
Magic:  7/7        EV: 10    Int:  9    God:
Gold:   269        SH:  0    Dex: 17    Spells: 6/6 levels left

rFire   . . .        Y - +0 shortbow (flame)
rCold   . . .        (shield currently unavailable)
rNeg    . . .        c - +0 leather armour
rPois   +            k - +2 helmet
rElec   .            (no cloak)
rCorr   .            a - +2 pair of gloves {Str+3}
SInv    +            (no barding)
Will    .....        (no amulet)
Stlth   ++           (no ring)
HPRegen 0.30/turn    (no ring)
MPRegen 0.10/turn

%: no passive effects
@: very slow
A: AC +2, large, see invisible, deformed body, poison resistance, slowness 2,
spit poison 1, naga tail 1
a: Spit Poison


You were on level 6 of the Dungeon.
You visited 1 branch of the dungeon, and saw 6 of its levels.

You collected 269 gold pieces.


Innate Abilities, Weirdness & Mutations

Your serpentine skin is tough. (AC +2)
You have supernaturally acute eyesight. (SInv)
Armour fits poorly on your strangely shaped body.
Your system is resistant to poisons. (rPois)
You cover ground very slowly.
You can spit poison.
You have a snake-like lower body.


   Skills:
 - Level 4.0 Fighting
 - Level 7.0 Ranged Weapons
 + Level 0.0 Armour
 - Level 2.2 Dodging
 - Level 1.5 Stealth


You had 6 spell levels left.
You didn't know any spells.
Your spell library was empty.

Inventory:

Hand Weapons
 Y - a +0 shortbow of flaming (weapon)
Armour
 a - a +2 pair of gloves of strength (worn)
 c - a +0 leather armour (worn)
 k - a +2 helmet (worn)
Scrolls
 b - a scroll of identify
 g - 3 scrolls of teleportation
 j - a scroll of enchant armour
Potions
 d - 2 potions of heal wounds
 e - 3 potions of might
 i - a potion of curing

Dungeon Overview and Level Annotations

Branches:
Dungeon (6/15)
 Temple: D:4-7

Altars:
Ashenzari
Nemelex Xobeh

Annotations:
D:1 1 transporter
D:3 1 runed translucent door, Crazy Yiuf
D:6 Dowan, Duvessa


Message History

Aiming: Spit Poison (1% risk of failure)
Press: ? - help, Shift-Dir - straight line, f/p - scorpion The splash of poison hits the scorpion but does no damage.
The scorpion is poisoned.
The scorpion is heavily wounded.
The scorpion stings you but does no damage.
You shoot an arrow.
The arrow hits the scorpion but does no damage.
The scorpion is severely wounded.
Duvessa hits you but does no damage.
The scorpion stings you but does no damage.
You shoot an arrow. The arrow hits the scorpion.
The arrow burns the scorpion.
The scorpion is almost dead.
You kill the scorpion!
Duvessa hits you with a +0 rapier!
Dowan points at Duvessa and mumbles some strange words.
Duvessa seems to speed up.
Your Ranged Weapons skill increases to level 7!
You shoot an arrow. The arrow closely misses Duvessa.
Duvessa hits you with a +0 rapier. The orc completely misses you.
The phantom hits you but does no damage.
Duvessa hits you with a +0 rapier!
The phantom hits you but does no damage.
The orc hits you but does no damage.
You shoot an arrow. The arrow hits Duvessa.
The arrow burns Duvessa.
Duvessa is lightly wounded.
Duvessa hits you with a +0 rapier. The phantom hits you.
The orc closely misses you.
You shoot an arrow. The arrow hits Duvessa.
The arrow burns Duvessa.
Duvessa is moderately wounded.
Duvessa barely misses you.
The phantom hits you but does no damage.
Dowan points at you and mumbles some strange words.
The puff of frost hits you. The orc closely misses you.
You shoot an arrow.
The arrow hits Duvessa but does no damage.
Duvessa is moderately wounded.
You have got your breath back.
Duvessa hits you with a +0 rapier! x2
You die...

............)
............ #.
...........##.##
........o.......
........#...<...
#................
##...............
.......Woe.......
.....##.@e......
..# ##........
#.....##.#
##.......#
#.......##
#...##...#
#.)<.....#
##.......#
#......##


You could see Duvessa (fast, strong), a phantom, Dowan and an orc.

Vanquished Creatures
  3 scorpions
  2 hounds
  An orc priest (D:6)
  A gnoll bouda (D:5)
  Jessica (D:3)
  3 iguanas
  Terence (D:3)
  3 gnolls (D:5)
  4 adders
  An ufetubus (D:5)
  5 worms
  3 dart slugs
  An orc (D:6)
  4 ball pythons
  8 endoplasms
  3 giant cockroaches (D:4)
  7 hobgoblins
  2 jackals (D:4)
  4 quokkas
  4 bats
  5 frilled lizards (D:1)
  10 goblins
  6 kobolds
  7 rats
89 creatures vanquished.

Notes
Turn   | Place    | Note
-------+----------+-------------------------------------------
     0 | D:1      | qw the Naga Hunter began the quest for the Orb.
     0 | D:1      | Reached XP level 1. HP: 19/19 MP: 1/1
     0 | D:1      | 0 ||| qw: Version: 0.2-a-29-g511e9b1
     0 | D:1      | 0 ||| qw: Game counter: 5624
     0 | D:1      | 0 ||| qw: Always use a shield: true
     0 | D:1      | 0 ||| qw: God list: Okawaru
     0 | D:1      | 0 ||| qw: Allow faded altars: false
     0 | D:1      | 0 ||| qw: Do Orc after D:15 true
     0 | D:1      | 0 ||| qw: Do second Lair branch before Depths: true
     0 | D:1      | 0 ||| qw: Lair rune preference: random
     0 | D:1      | 0 ||| qw: Plans: Normal
     0 | D:1      | 0 ||| PLANNING D:1-11
     9 | D:1      | 9 ||| INVOKING Spit Poison.
    13 | D:1      | 13 ||| INVOKING Spit Poison.
    28 | D:1      | 28 ||| INVOKING Spit Poison.
    35 | D:1      | 35 ||| INVOKING Spit Poison.
    51 | D:1      | 51 ||| INVOKING Spit Poison.
    61 | D:1      | 61 ||| INVOKING Spit Poison.
    84 | D:1      | Reached skill level 4 in Ranged Weapons
    84 | D:1      | Reached XP level 2. HP: 26/26 MP: 2/2
   121 | D:1      | 121 ||| INVOKING Spit Poison.
   124 | D:1      | 124 ||| INVOKING Spit Poison.
   200 | D:1      | 200 ||| INVOKING Spit Poison.
   237 | D:1      | 237 ||| INVOKING Spit Poison.
   323 | D:1      | 323 ||| INVOKING Spit Poison.
   347 | D:1      | 347 ||| INVOKING Spit Poison.
   351 | D:1      | 351 ||| INVOKING Spit Poison.
   407 | D:1      | 407 ||| INVOKING Spit Poison.
   552 | D:1      | 552 ||| READING scroll labelled UCOJUSOTUH.
   552 | D:1      | Identified a scroll of acquirement
   552 | D:1      | 552 ||| ACQUIRING +2 pair of gloves of strength
   552 | D:1      | Acquired a +2 pair of gloves of strength
   554 | D:1      | 554 ||| UPGRADING to +2 pair of gloves of strength.
   559 | D:1      | 559 ||| READING scroll labelled FONAUCYNW RUUT.
   564 | D:1      | 564 ||| READING scroll labelled WOTEXK XULUSHY.
   613 | D:1      | 613 ||| DROPPING scroll of butterflies.
   639 | D:2      | 639 ||| INVOKING Spit Poison.
   643 | D:2      | Reached XP level 3. HP: 19/32 MP: 3/3
   721 | D:2      | 721 ||| INVOKING Spit Poison.
   771 | D:2      | 771 ||| INVOKING Spit Poison.
   772 | D:2      | 772 ||| INVOKING Spit Poison.
   804 | D:2      | 804 ||| INVOKING Spit Poison.
   844 | D:2      | 844 ||| INVOKING Spit Poison.
   935 | D:2      | 935 ||| INVOKING Spit Poison.
  1015 | D:2      | 1015 ||| INVOKING Spit Poison.
  1035 | D:2      | 1035 ||| INVOKING Spit Poison.
  1039 | D:2      | 1039 ||| INVOKING Spit Poison.
  1046 | D:2      | 1046 ||| INVOKING Spit Poison.
  1129 | D:2      | 1129 ||| INVOKING Spit Poison.
  1135 | D:2      | 1135 ||| INVOKING Spit Poison.
  1142 | D:2      | 1142 ||| INVOKING Spit Poison.
  1147 | D:2      | Reached skill level 5 in Ranged Weapons
  1147 | D:2      | Reached XP level 4. HP: 36/39 MP: 4/4
  1321 | D:2      | 1321 ||| INVOKING Spit Poison.
  1340 | D:2      | 1340 ||| READING scroll labelled PUJICATECA.
  1341 | D:2      | 1341 ||| READING scroll labelled JERYEM VEGYL.
  1342 | D:2      | 1342 ||| READING scroll labelled ONGALI OCIL.
  1343 | D:2      | 1343 ||| READING scroll labelled ANEORELLOF.
  1344 | D:2      | 1344 ||| READING scroll labelled SER VOACKY.
  1381 | D:3      | Noticed Jessica
  1383 | D:3      | Killed Jessica
  1463 | D:3      | 1463 ||| INVOKING Spit Poison.
  1469 | D:3      | Found a broken altar of Ashenzari.
  1510 | D:3      | Noticed Terence
  1511 | D:3      | 1511 ||| INVOKING Spit Poison.
  1516 | D:3      | Killed Terence
  1517 | D:3      | Reached skill level 3 in Fighting
  1517 | D:3      | Reached XP level 5. HP: 49/49 MP: 5/5
  1660 | D:3      | 1660 ||| INVOKING Spit Poison.
  1882 | D:3      | 1882 ||| INVOKING Spit Poison.
  1901 | D:3      | Found a runed translucent door.
  1902 | D:3      | Noticed Crazy Yiuf
  2046 | D:3      | 2046 ||| READING 3 scrolls labelled YWYNLID YMYITH.
  2047 | D:3      | 2047 ||| DRINKING 2 sapphire potions.
  2048 | D:3      | 2048 ||| DROPPING 2 scrolls of revelation.
  2217 | D:4      | 2217 ||| INVOKING Spit Poison.
  2245 | D:4      | 2245 ||| INVOKING Spit Poison.
  2427 | D:4      | 2427 ||| INVOKING Spit Poison.
  2463 | D:4      | 2463 ||| INVOKING Spit Poison.
  2520 | D:4      | 2520 ||| INVOKING Spit Poison.
  2568 | D:4      | 2568 ||| INVOKING Spit Poison.
  2593 | D:4      | 2593 ||| INVOKING Spit Poison.
  2670 | D:4      | 2670 ||| INVOKING Spit Poison.
  2780 | D:4      | 2780 ||| INVOKING Spit Poison.
  2783 | D:4      | 2783 ||| INVOKING Spit Poison.
  3197 | D:4      | 3197 ||| INVOKING Spit Poison.
  3206 | D:4      | 3206 ||| READING scroll labelled NAMYJEMNUGH.
  3207 | D:4      | 3207 ||| DRINKING 4 pink potions.
  3241 | D:4      | 3241 ||| READING 2 scrolls of identify.
  3241 | D:4      | 3241 ||| IDENTIFYING white potion
  3242 | D:4      | 3242 ||| DROPPING 3 potions of lignification.
  3275 | D:5      | Entered Level 5 of the Dungeon
  3276 | D:5      | 3276 ||| PLANNING OSSUARY
  3279 | D:5      | 3279 ||| INVOKING Spit Poison.
  3285 | D:5      | 3285 ||| INVOKING Spit Poison.
  3289 | D:5      | 3289 ||| INVOKING Spit Poison.
  3352 | D:5      | 3352 ||| INVOKING Spit Poison.
  3356 | D:5      | 3356 ||| INVOKING Spit Poison.
  3357 | D:5      | Reached skill level 6 in Ranged Weapons
  3357 | D:5      | Reached XP level 6. HP: 51/56 MP: 6/6
  3394 | D:5      | 3394 ||| INVOKING Spit Poison.
  3409 | D:5      | 3409 ||| INVOKING Spit Poison.
  3413 | D:5      | Found a sparkling altar of Nemelex Xobeh.
  3477 | D:5      | 3477 ||| INVOKING Spit Poison.
  3483 | D:5      | 3483 ||| INVOKING Spit Poison.
  3487 | D:5      | 3487 ||| INVOKING Spit Poison.
  3494 | D:5      | 3494 ||| INVOKING Spit Poison.
  3503 | D:5      | 3503 ||| INVOKING Spit Poison.
  3551 | D:5      | 3551 ||| INVOKING Spit Poison.
  3555 | D:5      | 3555 ||| INVOKING Spit Poison.
  3562 | D:5      | 3562 ||| INVOKING Spit Poison.
  3567 | D:5      | Reached XP level 7. HP: 29/64 MP: 7/7
  3798 | D:5      | 3798 ||| RIP OSSUARY
  3816 | D:5      | 3816 ||| PLANNING D:1-11
  4197 | D:5      | 4197 ||| UPGRADING to +2 helmet.
  4202 | D:5      | 4202 ||| READING 4 scrolls of identify.
  4202 | D:5      | 4202 ||| IDENTIFYING yellow potion
  4203 | D:5      | 4203 ||| READING 3 scrolls of identify.
  4203 | D:5      | 4203 ||| IDENTIFYING smoky coppery potion
  4204 | D:5      | 4204 ||| READING 2 scrolls of identify.
  4204 | D:5      | 4204 ||| IDENTIFYING puce potion
  4205 | D:5      | 4205 ||| DROPPING potion of invisibility.
  4206 | D:5      | 4206 ||| DROPPING potion of ambrosia.
  4243 | D:6      | 4243 ||| INVOKING Spit Poison.
  4249 | D:6      | 4249 ||| INVOKING Spit Poison.
  4254 | D:6      | Noticed Duvessa
  4255 | D:6      | 4255 ||| INVOKING Spit Poison.
  4256 | D:6      | Noticed Dowan
  4257 | D:6      | 4257 ||| Stepping ~*~*~tactically~*~*~ (outnumbered).
  4261 | D:6      | 4261 ||| INVOKING Spit Poison.
  4264 | D:6      | Reached skill level 7 in Ranged Weapons
  4267 | D:6      | HP: 10/64 [Duvessa/+0 rapier (7)]
  4267 | D:6      | Slain by Duvessa

Levels and vault maps discovered:
D:1:      spicycebolla_arrival_risky_transporter, layout_loops_cross
D:2:      layout_basic
D:3:      layout_loops_ring, mainiacjoe_overflow_24_doors,
          uniq_crazy_yiuf_cottage, uniq_jessica, uniq_terence
D:4:      layout_layer_cave
D:5:      layout_basic, mainiacjoe_overflow_chevrons, enter_ossuary_5,
          nicolae_wormholes
D:6:      layout_cave_pools, temple_statues, serial_shops,
          nicolae_shop_window_shopping, gammafunk_ghost_cemetery,
          kennysheep_boxes, uniq_duvessa

Skill      XL: |  1  2  3  4  5  6  7 |
---------------+----------------------+-----
Ranged Weapons | 4 5 6 7 |  7.0
Fighting       | 3 4 |  4.0
Dodging        | 2 |  2.2
Stealth        | |  1.5

Action                     |  1- 3 |  4- 6 |  7- 9 || total
---------------------------+-------+-------+-------++-------
   Fire: Shortbow          |    60 |    83 |    18 ||   161
Ability: Spit Poison       |    27 |    31 |     4 ||    62
    Use: Scroll            |     3 |     8 |     3 ||    14
         Potion            |       |     2 |       ||     2
 Armour: Leather armour    |    14 |     9 |     7 ||    30
  Dodge: Dodged            |    12 |    12 |     4 ||    28

Table legend:
 A = Non-vault XP
 B = Vault XP
 C = Vault XP percentage of total XP
 D = Non-vault monster count
 E = Vault monster count
 F = Vault count percentage of total count
                 A         B        C        D         E       F
            +---------+---------+-------+---------+---------+-------
      Total |     744 |      89 |  10.7 |      83 |       6 |   6.7
            +---------+---------+-------+---------+---------+-------
        D:1 |      28 |       0 |   0.0 |      18 |       0 |   0.0
        D:2 |      62 |       0 |   0.0 |      20 |       0 |   0.0
        D:3 |      26 |      69 |  72.6 |       9 |       2 |  18.2
        D:4 |      86 |       0 |   0.0 |      21 |       0 |   0.0
        D:5 |     337 |      20 |   5.6 |      10 |       4 |  28.6
        D:6 |     205 |       0 |   0.0 |       5 |       0 |   0.0
            +---------+---------+-------+---------+---------+-------
